 Dungeon Crawl Stone Soup version 0.30.1-9-gdf580d7c3d (webtiles) character file.

Game seed: 11108933641117712309

1761 nonceun the Cleaver (level 8, -3/109 HPs)
             Began as a Minotaur Berserker on Sept 30, 2023.
             Was a Priest of Trog.
             Splashed by a jelly's acid (7 damage)
             ... on level 7 of the Dungeon.
             The game lasted 00:22:57 (6341 turns).

nonceun the Cleaver (Minotaur Berserker)            Turns: 6341, Time: 00:22:59

Health: -3/109     AC: -15   Str: 24    XL:     8   Next: 79%
Magic:  7/7        EV:  7    Int:  4    God:    Trog [***...]
Gold:   166        SH: 13    Dex: 10    Spells: 7/7 levels left

rFire   . . .        a - +0 war axe
rCold   + . .        r - +0 tower shield
rNeg    . . .        y - +0 chain mail
rPois   .            (helmet restricted)
rElec   .            (no cloak)
rCorr   .            (no gloves)
SInv    +            t - +2 pair of boots
Will    ++...        (no amulet) Stlth
                     k - ring of see invisible
HPRegen 1.38/turn    m - ring of protection from cold
MPRegen 0.10/turn

%: no passive effects
@: berserking, strong-willed, corroded, regenerating, very quick
A: horns 2, retaliatory headbutt
a: Renounce Religion, Berserk, Trog's Hand


You were on level 7 of the Dungeon.
You worshipped Trog.
Trog was most pleased with you.
You visited 1 branch of the dungeon, and saw 7 of its levels.

You collected 397 gold pieces.
You spent 231 gold pieces at shops.

Inventory:

Hand Weapons
 a - a +0 war axe (weapon)
 b - a +1 trident of protection
Armour
 r - a +0 tower shield (worn)
 t - a +2 pair of boots (worn)
 y - a +0 chain mail (worn)
Jewellery
 k - a ring of see invisible (left hand)
 m - a ring of protection from cold (right hand)
 u - a +6 ring of strength
Wands
 s - a wand of quicksilver (10)
Scrolls
 e - a scroll of brand weapon {unknown}
 f - 6 scrolls of identify
 h - 2 scrolls of amnesia {unknown}
 i - 2 scrolls of blinking {unknown}
 j - 3 scrolls of enchant weapon {unknown}
 p - 2 scrolls of teleportation
 q - a scroll of poison {unknown}
 v - 2 scrolls of vulnerability {unknown}
 w - a scroll of enchant armour
 x - a scroll of fear
Potions
 c - 3 potions of brilliance {unknown}
 d - 3 potions of haste {unknown}
 g - 3 potions of flight {unknown}
 l - a potion of mutation {unknown}
 n - 6 potions of heal wounds {unknown}
 o - 2 potions of invisibility {unknown}
 z - a potion of berserk rage {unknown}
 A - a potion of might {unknown}
 B - a potion of cancellation {unknown}
 C - a potion of ambrosia {unknown}


   Skills:
 - Level 7.0 Fighting
 - Level 10.0 Axes
 * Level 4.8 Armour
 - Level 2.1 Dodging
 + Level 6.5 Shields


You had 7 spell levels left.
You didn't know any spells.
Your spell library contained the following spells:

 Spells                   Type           Power      Damage    Failure   Level
 Sting                    Tmut/Pois      0%         1d3       100%        1
 Poisonous Vapours        Pois/Air       0%         N/A       100%        2
 Vhi's Electric Charge    Tloc/Air       0%         N/A       100%        3
 Olgreb's Toxic Radiance  Pois           0%         N/A       100%        4
 Arcjolt                  Conj/Air       0%         1d10      100%        5
 Plasma Beam              Fire/Air       0%         2x1d11    100%        6


Dungeon Overview and Level Annotations

Branches:
Dungeon (7/15)             Temple (0/1) D:6

Altars:
Ashenzari
Fedhas
Nemelex Xobeh
Wu Jian
Xom
Zin

Shops:
D:3 ?   D:5 (:[

Annotations:
D:7 exclusion: oklob plant


Innate Abilities, Weirdness & Mutations

You have a pair of horns on your head.
You reflexively headbutt those who attack you in melee.


Message History

* * * LOW HITPOINT WARNING * * *
You slash the jelly!
Your hands burn!
* * * LOW HITPOINT WARNING * * *
You headbutt the jelly, but do no damage.
The jelly is heavily wounded.
You block the jelly's attack.
You hit the jelly. The acid corrodes you!
Your hands burn!
* * * LOW HITPOINT WARNING * * *
You headbutt the jelly, but do no damage.
The jelly is heavily wounded.
You block the jelly's attack.
You hit the jelly but do no damage.
Your hands burn!
* * * LOW HITPOINT WARNING * * *
The jelly is heavily wounded.
You block the jelly's attack. The jelly hits you.
* * * LOW HITPOINT WARNING * * *
The acid corrodes you!
You are splashed with acid!
* * * LOW HITPOINT WARNING * * *
A red film seems to cover your vision as you go berserk!
You feel yourself moving faster!
You feel mighty!
You can no longer call in reinforcements.
The jelly barely misses you. You furiously retaliate!
You headbutt the jelly!
You kill the jelly!
Trog accepts your kill.
You hit the jelly but do no damage.
Your hands burn!
* * * LOW HITPOINT WARNING * * *
You headbutt the jelly.
The jelly is moderately wounded.
You hit the jelly but do no damage. The acid corrodes you!
Your hands burn!
* * * LOW HITPOINT WARNING * * *
The jelly is moderately wounded.
The jelly barely misses you.
You hit the jelly but do no damage.
Your hands burn!
* * * LOW HITPOINT WARNING * * *
You headbutt the jelly, but do no damage.
The jelly is moderately wounded.
The jelly hits you.
* * * LOW HITPOINT WARNING * * *
The acid corrodes you!
You are splashed with acid!
You die...

#............ .##
#.......#######..
#................
#.......#.###.#..
#.......#.....#.#
##......#.._..#.#
##.....#.....#.#
######..###.#.###.#.#
#...J@..# #.........#
#.#####.# #.#######.#
### #.#
#.###.........# #.JJ#
#.# #.........#####
PJJJP.###.#
###########


JJPJJ.J...# JJJPJJ##### #JJJ# ### You could see a jelly.

Vanquished Creatures
  Edmund (D:4)
  3 black bears
  A sky beast (D:6)
  An ogre (D:4)
  4 scorpions (D:6)
  A howler monkey (D:5)
  2 hounds
  9 jellies
  4 orc priests
  7 iguanas
  A sleepcap (D:4)
  2 orc wizards
  6 adders
  3 gnolls (D:5)
  A shadow imp (D:6)
  2 white imps
  An ufetubus (D:4)
  4 worms
  5 dart slugs
  14 orcs
  12 endoplasms
  3 giant cockroaches
  10 goblins
  5 hobgoblins
  5 kobolds
  5 quokkas
  7 ball pythons
  9 bats
  4 frilled lizards
  6 rats
138 creatures vanquished.

Notes
Turn   | Place    | Note
-------+----------+-------------------------------------------
     0 | D:1      | nonceun the Minotaur Berserker began the quest for the Orb.
     0 | D:1      | Reached XP level 1. HP: 19/19 MP: 0/0
    79 | D:1      | Reached skill level 4 in Axes
   119 | D:1      | Reached XP level 2. HP: 24/26 MP: 1/1
   421 | D:1      | Reached skill level 5 in Axes
   442 | D:1      | Reached ** piety under Trog
   476 | D:1      | Reached XP level 3. HP: 14/31 MP: 2/2
   710 | D:1      | Found a faded altar of an unknown god.
   985 | D:2      | Found a glowing silver altar of Zin.
  1769 | D:3      | Reached XP level 4. HP: 34/39 MP: 3/3
  1778 | D:3      | Reached skill level 6 in Axes
  1925 | D:3      | Reached XP level 5. HP: 45/45 MP: 4/4
  2029 | D:3      | Found Higyimel's Magic Scroll Shoppe.
  2047 | D:3      | Bought a scroll of teleportation for 42 gold pieces
  2047 | D:3      | Bought a scroll of identify for 28 gold pieces
  2097 | D:3      | Reached *** piety under Trog
  2098 | D:3      | Reached skill level 7 in Axes
  3136 | D:4      | Noticed Edmund
  3145 | D:4      | Killed Edmund
  3146 | D:4      | Reached skill level 8 in Axes
  3146 | D:4      | Reached skill level 1 in Shields
  3146 | D:4      | Reached XP level 6. HP: 53/53 MP: 5/5
  3342 | D:4      | Found a broken altar of Ashenzari.
  3721 | D:4      | Reached skill level 5 in Fighting
  3721 | D:4      | Reached XP level 7. HP: 61/61 MP: 6/6
  4268 | D:4      | Found an ornate altar of the Wu Jian Council.
  4717 | D:3      | Bought a scroll of enchant armour for 105 gold pieces
  4717 | D:3      | Bought a scroll of fear for 56 gold pieces
  4765 | D:5      | Entered Level 5 of the Dungeon
  4770 | D:5      | Found a shimmering altar of Xom.
  4835 | D:5      | Found Vaesu's Antique Weapon Emporium.
  5031 | D:5      | Reached skill level 9 in Axes
  5256 | D:5      | Found Yfipok's Book Shoppe.
  5292 | D:5      | Found Minab's Antique Armour Shoppe.
  5452 | D:5      | Reached skill level 5 in Shields
  5602 | D:6      | Reached XP level 8. HP: 49/70 MP: 7/7
  5683 | D:6      | Found a staircase to the Ecumenical Temple.
  5772 | D:6      | Found a sparkling altar of Nemelex Xobeh.
  5793 | D:6      | Reached **** piety under Trog
  5794 | D:6      | Reached skill level 10 in Axes
  6252 | D:7      | Found a blossoming altar of Fedhas.
  6299 | D:7      | Noticed an oklob plant
  6340 | D:7      | HP: 5/109 [acid (4)]
  6341 | D:7      | Splashed by a jelly's acid

Illustrated notes

Levels and vault maps discovered:
D:1:      dpeg_arrival_rhombi, layout_loops_ring,
          shapermc_ecumenical_altar_mp_vishouse
D:2:      layout_loops_cross, basic_altar, hex_large
D:3:      layout_basic, serial_curves, eino_curves_01, eino_curves_02,
          serial_shops, nicolae_shop_tiny_waterfront, kennysheep_generic_room_2
D:4:      nicolae_cairo_tiling, layout_layer_cave, amcnicky_altar_gilded,
          mainiacjoe_overflow_tiny_flanked, palyth_stone_intersect, uniq_edmund
D:5:      layout_basic, lemuel_tele_altar, serial_shops,
          nicolae_shop_behind_doors, shop, shop_fountains
D:6:      layout_basic, kennysheep_mini_moat, minmay_temple_entry_overgrown
D:7:      lemuel_slime, layout_rooms, mainiacjoe_overflow_cross_hatched,
          grunt_dithmenos_shadows, trog_three_pillars_becter,
          supply_closet_lemuel, st_stairs_10

Skill      XL: |  1  2  3  4  5  6  7  8 |
---------------+-------------------------+-----
Axes           | 4 5 6 8 9 10 | 10.0
Fighting       | 4 5 6 7 |  7.0
Shields        | 1 2 5 6 |  6.5
Armour         | 4 |  4.8
Dodging        | |  2.1

Action                     |  1- 3 |  4- 6 |  7- 9 || total
---------------------------+-------+-------+-------++-------
  Melee: Hand axe          |   125 |     9 |       ||   134
         Headbutt          |    10 |    14 |    28 ||    52
         Punch             |     2 |       |       ||     2
         War axe           |       |   140 |   134 ||   274
 Invoke: Trog's Hand       |       |     2 |     2 ||     4
         Berserk           |       |     3 |     1 ||     4
 Armour: Animal skin       |    18 |     4 |       ||    22
         Scale mail        |       |    40 |    24 ||    64
         Chain mail        |       |       |    26 ||    26
  Dodge: Dodged            |    56 |    35 |    33 ||   124
  Block: Tower shield      |       |    56 |    75 ||   131
